 Dungeon Crawl Stone Soup version 0.30.1-4-g462c640d31 (webtiles) character file.

Game seed: 6433702858961686456

80 lonewolfV2 the Trooper (level 4, -2/37 HPs)
             Began as a Demonspawn Berserker on Aug 28, 2023.
             Was a Believer of Trog.
             Slain by a gnoll
             ... wielding a +0 flail
              (5 damage)
             ... on level 2 of the Dungeon.
             The game lasted 00:01:56 (2008 turns).

lonewolfV2 the Trooper (Demonspawn Berserker)       Turns: 2008, Time: 00:01:58

Health: -2/37      AC:  2    Str: 19    XL:     4   Next: 18%
Magic:  13/13      EV: 12    Int:  8    God:    Trog [**....]
Gold:   54         SH:  0    Dex: 13    Spells: 3/3 levels left

rFire   . . .        a - +0 hand axe
rCold   . . .        (no shield)
rNeg    . . .        b - +0 animal skin
rPois   .            (helmet restricted)
rElec   .            (no cloak)
rCorr   .            (no gloves)
SInv    +            (no boots)
Will    .....        (no amulet)
Stlth   ++           c - ring of magical power
HPRegen 0.26/turn    i - ring of see invisible
MPRegen 0.13/turn

%: no passive effects
@: no status effects
A: horns 1, foul stench 1
a: Renounce Religion, Berserk, Trog's Hand


You were on level 2 of the Dungeon.
You worshipped Trog.
Trog was pleased with you.
You visited 1 branch of the dungeon, and saw 2 of its levels.

You collected 54 gold pieces.

Inventory:

Hand Weapons
 a - a +0 hand axe (weapon)
Armour
 b - a +0 animal skin (worn)
Jewellery
 c - a ring of magical power (left hand)
 i - a ring of see invisible (right hand)
Scrolls
 d - a scroll of identify {unknown}
Potions
 e - 2 potions of curing {unknown}


   Skills:
 + Level 3.6 Fighting
 + Level 3.3 Axes
 + Level 1.9 Armour
 + Level 2.5 Dodging
 + Level 1.0 Stealth


You had 3 spell levels left.
You didn't know any spells.
Your spell library was empty.

Dungeon Overview and Level Annotations

Branches:
Dungeon (2/15)

Altars:


Innate Abilities, Weirdness & Mutations

You have a pair of small horns on your head.
You may rarely emit foul miasma when damaged in melee.


Message History

The rat barely misses you.
You closely miss the rat.
The rat is heavily wounded.
The rat bites you.
You closely miss the rat. You headbutt the rat.
You kill the rat!
Trog accepts your kill.
A gnoll comes into view. It is wielding a +0 flail.
A gnoll comes into view. It is wielding a +0 halberd.
There are monsters nearby!
The gnoll shouts! x2
A gnoll comes into view. It is wielding a +0 club.
You hear a shout!
There are monsters nearby!
There are monsters nearby!
A gnoll comes into view. It is wielding a +0 whip.
The gnoll hits you from afar with a +0 halberd!
The gnoll shouts!
You hit the gnoll but do no damage.
The gnoll hits you from afar with a +0 halberd!
The gnoll closely misses you.
You hit the gnoll but do no damage.
You headbutt the gnoll, but do no damage.
The gnoll hits you from afar with a +0 halberd.
The gnoll barely misses you.
You hit the gnoll.
The gnoll is moderately wounded.
The gnoll hits you with a +0 flail! The gnoll barely misses you.
You hit the gnoll but do no damage. You headbutt the gnoll.
You punch the gnoll.
The gnoll is moderately wounded.
The gnoll misses you. The gnoll closely misses you.
The gnoll barely misses you. The gnoll closely misses you.
You completely miss the gnoll.
You headbutt the gnoll, but do no damage.
The gnoll is moderately wounded.
The gnoll hits you from afar with a +0 halberd!
* * * LOW HITPOINT WARNING * * *
The gnoll hits you with a +0 flail.
You die...

##'## #...# #####...#
****** #...'...#
*,,,,* #.###...#
*,,,,* #.# #...#
*,,,,* #.# #####
*****,,,,*
##.#########.,,,,,,,*
#.!.@gg......,,,,,,,+
######gg.....,,,,,,,*
*.......,,,,,,,*
*.......,,,,,,,*
*.......,,,*****
*.......****
*.......* *.......*
*,,,,,,,*


You could see 4 gnolls.

Vanquished Creatures
  Robin (D:2)
  2 adders (D:2)
  A worm (D:2)
  3 dart slugs
  3 endoplasms
  A giant cockroach (D:1)
  11 goblins
  5 hobgoblins (D:2)
  A quokka (D:1)
  5 ball pythons
  A bat (D:1)
  3 frilled lizards
  2 kobolds
  A rat (D:2)
40 creatures vanquished.

Notes
Turn   | Place    | Note
-------+----------+-------------------------------------------
     0 | D:1      | lonewolfV2 the Demonspawn Berserker began the quest for the
                  | Orb.
     0 | D:1      | Reached XP level 1. HP: 18/18 MP: 1/1
   548 | D:1      | Gained mutation: You may rarely emit foul miasma when
                  | damaged in melee. [demonic ancestry]
   548 | D:1      | Reached XP level 2. HP: 10/24 MP: 2/2
   747 | D:1      | Found a faded altar of an unknown god.
  1191 | D:2      | Reached XP level 3. HP: 10/29 MP: 1/3
  1425 | D:2      | Noticed Robin
  1439 | D:2      | Killed Robin
  1464 | D:2      | Reached skill level 1 in Stealth
  1464 | D:2      | Reached ** piety under Trog
  1532 | D:2      | Gained mutation: You have a pair of small horns on your
                  | head. [demonic ancestry]
  1532 | D:2      | Reached XP level 4. HP: 17/36 MP: 4/4
  2008 | D:2      | Slain by a gnoll

Illustrated notes

Levels and vault maps discovered:
D:1:      eino_arrival_druids_welcome, layout_loops_corners,
          nicolae_ecumenical_snake_handling
D:2:      layout_basic, uniq_sigmund, uniq_robin

Skill      XL: |  1  2  3 |
---------------+----------+-----
Dodging        | 2 |  2.5
Axes           | 3 |  3.3
Stealth        | 1 |  1.0
Fighting       | |  3.6
Armour         | |  1.9

Action                     |  1- 3 |  4- 6 || total
---------------------------+-------+-------++-------
  Melee: Hand axe          |   107 |    15 ||   122
         Punch             |     1 |     1 ||     2
         Headbutt          |       |     5 ||     5
    Use: Scroll            |       |     4 ||     4
   Stab: Sleeping          |       |     1 ||     1
 Armour: Animal skin       |    24 |     2 ||    26
  Dodge: Dodged            |    94 |    13 ||   107
